[Event "RUS-ch Girls U21 2021"]
[Site "Loo"]
[Date "2021.04.23"]
[Round "3.2"]
[White "Goltseva, Ekaterina"]
[Black "Shafigullina, Zarina"]
[Result "1-0"]
[ECO "E15"]
[WhiteElo "2269"]
[BlackElo "2293"]
[Annotator "NA"]
[PlyCount "83"]
[EventDate "2021.04.21"]
[EventType "swiss"]
[EventCountry "RUS"]
[SourceTitle "playchess.com"]
[Source "ChessBase"]
[SourceQuality "1"]
[TimeControl "40/5400+30:1800+30"]

1. d4 Nf6 2. c4 e6 3. Nf3 b6 4. g3 Ba6 5. Qc2 Bb7 6. Bg2 c5 7. d5 exd5 8. cxd5 Bxd5 9. Nc3 Bb7 10. O-O Nc6 11. e4 Be7 12. Rd1 O-O 13. e5 Ne8 14. Qf5 Bc8 15. Nd5 Nc7 16. Ng5 g6 17. Qh3 h5 18. Nxe7+ Qxe7 19. Bf4 Rb8 20. g4 Nd4 21. Rxd4 cxd4 22. Ne4 Qe6 23. Nf6+ Kg7 24. Qh4 Bb7 25. Qg5 Rh8 26. gxh5 Bxg2 27. h6+ Kf8 28. Qxg2 Ne8 29. Ne4 Rc8 30. Rd1 Qxa2 31. Qh3 Qd5 32. Qa3+ Kg8 33. Qd3 Rc4 34. b3 Rc8 35. Qxd4 Qxd4 36. Rxd4 f5 37. exf6 Kf7 38. Rxd7+ Ke6 39. Re7+ Kf5 40. Bg3 Nxf6 41. Re5+ Kg4 42. Kg2 1-0

[Event "RUS-ch Girls U21 2021"]
[Site "Loo"]
[Date "2021.04.23"]
[Round "3.3"]
[White "Sakorenko, Adriana"]
[Black "Garmash, Aliona"]
[Result "1-0"]
[ECO "B15"]
[WhiteElo "2216"]
[BlackElo "2120"]
[Annotator "NA"]
[PlyCount "81"]
[EventDate "2021.04.21"]
[EventType "swiss"]
[EventCountry "RUS"]
[SourceTitle "playchess.com"]
[Source "ChessBase"]
[SourceQuality "1"]
[TimeControl "40/5400+30:1800+30"]

1. e4 c6 2. d4 d5 3. Nc3 dxe4 4. Nxe4 Nf6 5. Nxf6+ exf6 6. c3 Bd6 7. Bd3 Na6 8. Ne2 Nc7 9. Qc2 h5 10. h3 Kf8 11. a3 g6 12. c4 Kg7 13. O-O h4 14. Be3 Be6 15. Rad1 Qd7 16. Nf4 Bxf4 17. Bxf4 g5 18. Bh2 g4 19. hxg4 Bxg4 20. f3 Be6 21. Kh1 Rh5 22. Qc1 Bf5 23. Qf4 Bxd3 24. Rxd3 Ne6 25. Qg4+ Rg5 26. Qh3 f5 27. d5 Nc5 28. Rd4 Rh8 29. Rxh4 Rxh4 30. Qxh4 f6 31. b4 Na4 32. d6 Nb6 33. Re1 Nc8 34. Bf4 Rg6 35. c5 b6 36. Qf2 bxc5 37. bxc5 Kf8 38. Qe3 Qh7+ 39. Kg1 Qf7 40. Bh6+ Kg8 41. Qe8+ 1-0

[Event "RUS-ch Girls U21 2021"]
[Site "Loo"]
[Date "2021.04.23"]
[Round "3.5"]
[White "Zotova, Anastasia"]
[Black "Serditykh, Olesya"]
[Result "1/2-1/2"]
[ECO "C15"]
[WhiteElo "2160"]
[BlackElo "1961"]
[Annotator "NA"]
[PlyCount "113"]
[EventDate "2021.04.21"]
[EventType "swiss"]
[EventCountry "RUS"]
[SourceTitle "playchess.com"]
[Source "ChessBase"]
[SourceQuality "1"]
[TimeControl "40/5400+30:1800+30"]

1. e4 e6 2. d4 d5 3. Nc3 Bb4 4. exd5 exd5 5. Qf3 Ne7 6. Bd3 Be6 7. Nge2 Nbc6 8. Bf4 Ng6 9. Bg3 Qd7 10. Qe3 O-O-O 11. O-O-O a6 12. a3 Be7 13. Kb1 Bf5 14. h4 h5 15. Qf3 Bxd3 16. Rxd3 Bf6 17. Na4 Qg4 18. Qxg4+ hxg4 19. h5 Nge7 20. Nc5 Nf5 21. Rb3 Na5 22. Rc3 Nxd4 23. Nxd4 Bxd4 24. Bxc7 Bxc3 25. Bxd8 Kxd8 26. bxc3 Kc7 27. Rh4 Kd6 28. Nb3 Nxb3 29. cxb3 f5 30. Kc2 Ke5 31. Kd3 Rh6 32. Rh1 Kd6 33. Kd4 Re6 34. f3 f4 35. Rh4 Re2 36. Kd3 Re3+ 37. Kd2 gxf3 38. Rxf4 fxg2 39. Rg4 Rh3 40. Rxg2 Rxh5 41. Rxg7 Kc6 42. Re7 Rh2+ 43. Re2 Rh3 44. Re3 Rh2+ 45. Kd3 Rb2 46. b4 Ra2 47. Kd4 Rxa3 48. Re6+ Kc7 49. Re5 Ra1 50. Kxd5 Rd1+ 51. Kc4 Kc6 52. Re6+ Rd6 53. Rxd6+ Kxd6 54. Kd4 b6 55. c4 a5 56. Kc3 axb4+ 57. Kxb4 1/2-1/2

[Event "RUS-ch Girls U21 2021"]
[Site "Loo"]
[Date "2021.04.23"]
[Round "3.7"]
[White "Shvedova, Alexandra"]
[Black "Bogdanova, Darya"]
[Result "1-0"]
[ECO "C50"]
[WhiteElo "2000"]
[BlackElo "1762"]
[Annotator "NA"]
[PlyCount "95"]
[EventDate "2021.04.21"]
[EventType "swiss"]
[EventCountry "RUS"]
[SourceTitle "playchess.com"]
[Source "ChessBase"]
[SourceQuality "1"]
[TimeControl "40/5400+30:1800+30"]

1. e4 e5 2. Nf3 Nc6 3. Bc4 Bc5 4. O-O Nf6 5. d3 O-O 6. c3 d6 7. a4 a6 8. Nbd2 Be6 9. h3 Re8 10. Re1 Qd7 11. b4 Bb6 12. Bb2 Rad8 13. Qb3 d5 14. exd5 Bxd5 15. Rad1 Qf5 16. Ne4 Nxe4 17. dxe4 Bxe4 18. Bxf7+ Qxf7 19. Qxf7+ Kxf7 20. Ng5+ Kg8 21. Nxe4 h6 22. Kf1 Kf7 23. Nd2 e4 24. Nc4 Ba7 25. b5 axb5 26. axb5 Rxd1 27. Rxd1 Ne5 28. Nxe5+ Rxe5 29. c4 Rf5 30. Bd4 Bb8 31. Re1 c5 32. g4 Rg5 33. Be3 Re5 34. Bf4 Re8 35. Bxb8 Rxb8 36. Rxe4 Ra8 37. Ke2 Ra1 38. h4 Rc1 39. Ke3 b6 40. Kf4 Rh1 41. Ke5 Rxh4 42. Kd6 h5 43. Kc6 hxg4 44. Kxb6 g5 45. Re1 g3 46. fxg3 Rxc4 47. Re5 Rg4 48. Kc7 1-0

[Event "RUS-ch Girls U21 2021"]
[Site "Loo"]
[Date "2021.04.23"]
[Round "3.9"]
[White "Gelman, Inna"]
[Black "Pankova, Julia"]
[Result "0-1"]
[ECO "A45"]
[WhiteElo "1801"]
[BlackElo "1884"]
[Annotator "NA"]
[PlyCount "78"]
[EventDate "2021.04.21"]
[EventType "swiss"]
[EventCountry "RUS"]
[SourceTitle "playchess.com"]
[Source "ChessBase"]
[SourceQuality "1"]
[TimeControl "40/5400+30:1800+30"]

1. d4 Nf6 2. Bg5 Ne4 3. Bh4 c5 4. d5 Qb6 5. Qc1 Na6 6. c3 Nc7 7. f3 g5 8. fxe4 gxh4 9. Nd2 Bh6 10. Qc2 Qg6 11. O-O-O d6 12. Ngf3 Qh5 13. Kb1 b5 14. c4 Rb8 15. e5 O-O 16. exd6 exd6 17. e4 Bg7 18. Bd3 bxc4 19. Nxc4 Ba6 20. b3 Nb5 21. Rde1 Nc3+ 22. Kc1 Qh6+ 23. Nfd2 Nb5 24. Re3 Nd4 25. Qd1 Rb4 26. Rh3 Rfb8 27. g3 Nxb3+ 28. axb3 Rxb3 29. Rxh4 Rc3+ 30. Bc2 Qf6 31. e5 Qg5 32. Rg4 Qf5 33. Rf4 Qd7 34. Nb1 Rxc4 35. Qd3 Rxf4 36. Qxh7+ Kf8 37. gxf4 Qb5 38. Nc3 Qb4 39. Ne4 Qb2+ 0-1

[Event "RUS-ch Girls U21 2021"]
[Site "Loo"]
[Date "2021.04.23"]
[Round "3.10"]
[White "Emelyanova, Victoria"]
[Black "Stroganova, Karina"]
[Result "0-1"]
[ECO "D02"]
[WhiteElo "1765"]
[BlackElo "1731"]
[Annotator "NA"]
[PlyCount "80"]
[EventDate "2021.04.21"]
[EventType "swiss"]
[EventCountry "RUS"]
[SourceTitle "playchess.com"]
[Source "ChessBase"]
[SourceQuality "1"]
[TimeControl "40/5400+30:1800+30"]

1. d4 d5 2. Nf3 Nf6 3. Bf4 Bf5 4. c4 e6 5. Nc3 Bd6 6. Bg3 O-O 7. Nh4 Bg4 8. c5 Be7 9. h3 Bh5 10. Nf3 b6 11. b4 Nc6 12. Qa4 Qd7 13. e3 a6 14. Be2 b5 15. Qb3 Ne4 16. Nxe4 dxe4 17. Ne5 Nxe5 18. Bxh5 Nd3+ 19. Kd2 a5 20. a3 e5 21. Bg4 Qd8 22. d5 f5 23. Be2 f4 24. Bxd3 fxg3 25. Bxe4 a4 26. Qd3 Rxf2+ 27. Kc3 Bxc5 28. bxc5 c6 29. Rab1 Qe7 30. d6 Qa7 31. Bd5+ Kh8 32. Bc4 Qxc5 33. Rb4 Ra2 34. Ra1 Rxa1 35. Kb2 Rg1 36. d7 Rd8 37. e4 Rxg2+ 38. Ka1 bxc4 39. Rb8 Qg1+ 40. Qb1 Rxb8 0-1

[Event "RUS-ch Girls U21 2021"]
[Site "Loo"]
[Date "2021.04.24"]
[Round "4.1"]
[White "Afonasieva, Anna"]
[Black "Sakorenko, Adriana"]
[Result "1-0"]
[ECO "D00"]
[WhiteElo "2270"]
[BlackElo "2216"]
[Annotator "NA"]
[PlyCount "59"]
[EventDate "2021.04.21"]
[EventType "swiss"]
[EventCountry "RUS"]
[SourceTitle "playchess.com"]
[Source "ChessBase"]
[SourceQuality "1"]
[TimeControl "40/5400+30:1800+30"]

1. d4 d5 2. Bf4 e6 3. e3 Bd6 4. Bg3 Nf6 5. Nd2 c5 6. c3 Qc7 7. dxc5 Bxg3 8. hxg3 Qxc5 9. Ngf3 Nc6 10. Bd3 Bd7 11. Qe2 h6 12. Rd1 Qb6 13. b4 a6 14. e4 dxe4 15. Nxe4 Nxe4 16. Bxe4 Qc7 17. O-O Rd8 18. Qe3 O-O 19. g4 f5 20. Bxc6 bxc6 21. Qe5 Qb6 22. g5 Bc8 23. gxh6 gxh6 24. Rd4 Kh7 25. Rh4 Rd5 26. Qg3 Rf6 27. Ng5+ Kh8 28. c4 f4 29. Nf7+ Kh7 30. Qh3 1-0

[Event "RUS-ch Girls U21 2021"]
[Site "Loo"]
[Date "2021.04.24"]
[Round "4.2"]
[White "Goltseva, Ekaterina"]
[Black "Nosacheva, Mariya"]
[Result "1/2-1/2"]
[ECO "E91"]
[WhiteElo "2269"]
[BlackElo "2199"]
[Annotator "NA"]
[PlyCount "49"]
[EventDate "2021.04.21"]
[EventType "swiss"]
[EventCountry "RUS"]
[SourceTitle "playchess.com"]
[Source "ChessBase"]
[SourceQuality "1"]
[TimeControl "40/5400+30:1800+30"]

1. d4 Nf6 2. c4 g6 3. Nc3 Bg7 4. e4 d6 5. Nf3 O-O 6. Be2 Na6 7. O-O e5 8. Re1 exd4 9. Nxd4 Nc5 10. Bf1 a5 11. Ndb5 Bd7 12. f3 Nh5 13. g4 Bxb5 14. cxb5 Nf6 15. Be3 Nfd7 16. Qd2 Ne5 17. Be2 Re8 18. Rad1 Ned7 19. Nd5 c6 20. Nc3 Be5 21. Bf1 Qf6 22. Bg2 Qh4 23. Bf1 Qf6 24. Bg2 Qh4 25. Bf1 1/2-1/2

[Event "RUS-ch Girls U21 2021"]
[Site "Loo"]
[Date "2021.04.24"]
[Round "4.3"]
[White "Nasyrova, Ekaterina"]
[Black "Shvedova, Alexandra"]
[Result "1-0"]
[ECO "D31"]
[WhiteElo "2273"]
[BlackElo "2000"]
[Annotator "NA"]
[PlyCount "109"]
[EventDate "2021.04.21"]
[EventType "swiss"]
[EventCountry "RUS"]
[SourceTitle "playchess.com"]
[Source "ChessBase"]
[SourceQuality "1"]
[TimeControl "40/5400+30:1800+30"]

1. d4 d5 2. c4 e6 3. Nc3 Be7 4. cxd5 exd5 5. Bf4 Nf6 6. e3 O-O 7. Bd3 c5 8. Nge2 Nc6 9. O-O h6 10. dxc5 Bxc5 11. Rc1 Bd6 12. Bxd6 Qxd6 13. Nb5 Qe7 14. Nbd4 Nxd4 15. Nxd4 Bg4 16. Qa4 Bd7 17. Qb3 Qd6 18. h3 b6 19. Rc2 Rfe8 20. Nb5 Bxb5 21. Bxb5 Rec8 22. Rd2 Rc5 23. Rfd1 Rac8 24. Rd4 Qc7 25. Ba6 Rd8 26. Be2 Rc1 27. Bf3 Rd7 28. g3 Rxd1+ 29. Qxd1 Qc6 30. h4 Qe6 31. Kg2 Qe5 32. a4 h5 33. b4 g6 34. Qd3 Kg7 35. Qb5 Qe6 36. a5 bxa5 37. bxa5 Rd6 38. Qc5 Rd7 39. Qc3 Qe8 40. Qd2 Qe6 41. Qd3 Qc6 42. Rb4 Qc5 43. Rb5 Qd6 44. Qd4 Kh7 45. Rc5 Rd8 46. Rc3 Qe7 47. Rb3 Rd7 48. Rb8 Kg7 49. a6 Rd6 50. Rb7 Qe6 51. Be2 Rd7 52. Qxa7 Qe4+ 53. Bf3 Qe6 54. Rxd7 Nxd7 55. Qd4+ 1-0

[Event "RUS-ch Girls U21 2021"]
[Site "Loo"]
[Date "2021.04.24"]
[Round "4.4"]
[White "Shafigullina, Zarina"]
[Black "Serditykh, Olesya"]
[Result "1-0"]
[ECO "E09"]
[WhiteElo "2293"]
[BlackElo "1961"]
[Annotator "NA"]
[PlyCount "113"]
[EventDate "2021.04.21"]
[EventType "swiss"]
[EventCountry "RUS"]
[SourceTitle "playchess.com"]
[Source "ChessBase"]
[SourceQuality "1"]
[TimeControl "40/5400+30:1800+30"]

1. d4 d5 2. c4 e6 3. Nf3 Nf6 4. g3 Be7 5. Bg2 O-O 6. Qc2 c6 7. O-O Nbd7 8. Nbd2 b6 9. e4 dxe4 10. Nxe4 Bb7 11. Rd1 Qc8 12. Nc3 Rd8 13. Bf4 Nf8 14. Ne5 Ng6 15. Nxg6 hxg6 16. Bh3 Rd7 17. Rd2 Qf8 18. a3 Rad8 19. Rad1 Ne8 20. Qa4 Ba8 21. Bg2 Bf6 22. Bxc6 Bxc6 23. Qxc6 Rxd4 24. Nb5 Rxd2 25. Rxd2 Rxd2 26. Bxd2 Qe7 27. Bb4 Qd8 28. Nxa7 Bxb2 29. Qc8 Bf6 30. Qxd8 Bxd8 31. Nc6 Bf6 32. c5 bxc5 33. Bxc5 Nc7 34. Kf1 Bc3 35. Ke2 f6 36. Kd3 Be1 37. Ke2 Bc3 38. Kd3 Be1 39. a4 Kf7 40. Ke2 Bc3 41. Kd3 Be1 42. f4 Ke8 43. Nd4 Kd7 44. Nf3 Ba5 45. Nh4 Na6 46. Bf8 Bb6 47. Kc4 Kc6 48. Nxg6 Bg1 49. h3 Nc5 50. Bxg7 Nxa4 51. h4 Nb6+ 52. Kd3 Nc8 53. h5 Nd6 54. h6 Nf7 55. h7 Bh2 56. Bxf6 Bxg3 57. Ne5+ 1-0

[Event "RUS-ch Girls U21 2021"]
[Site "Loo"]
[Date "2021.04.24"]
[Round "4.5"]
[White "Filippova, Darya"]
[Black "Zotova, Anastasia"]
[Result "1-0"]
[ECO "A36"]
[WhiteElo "1915"]
[BlackElo "2160"]
[Annotator "NA"]
[PlyCount "57"]
[EventDate "2021.04.21"]
[EventType "swiss"]
[EventCountry "RUS"]
[SourceTitle "playchess.com"]
[Source "ChessBase"]
[SourceQuality "1"]
[TimeControl "40/5400+30:1800+30"]

1. c4 c5 2. Nc3 Nc6 3. g3 g6 4. Bg2 Bg7 5. e3 e5 6. Nge2 Nge7 7. d3 O-O 8. O-O d6 9. Nd5 Be6 10. Nec3 Rb8 11. Bd2 a6 12. a4 Bxd5 13. Nxd5 Nxd5 14. cxd5 Ne7 15. b4 e4 16. dxe4 Bxa1 17. Qxa1 f6 18. Bc3 Kg7 19. bxc5 dxc5 20. e5 Nf5 21. exf6+ Kf7 22. e4 Nd4 23. Bxd4 cxd4 24. e5 Qb6 25. Rb1 Qc5 26. Rc1 Qb4 27. Rc7+ Ke8 28. Qc1 Kd8 29. Bh3 1-0

[Event "RUS-ch Girls U21 2021"]
[Site "Loo"]
[Date "2021.04.24"]
[Round "4.6"]
[White "Garmash, Aliona"]
[Black "Koroleva, Evgeniya"]
[Result "1-0"]
[ECO "D26"]
[WhiteElo "2120"]
[BlackElo "1884"]
[Annotator "NA"]
[PlyCount "69"]
[EventDate "2021.04.21"]
[EventType "swiss"]
[EventCountry "RUS"]
[SourceTitle "playchess.com"]
[Source "ChessBase"]
[SourceQuality "1"]
[TimeControl "40/5400+30:1800+30"]

1. d4 d5 2. Nf3 Nf6 3. c4 dxc4 4. e3 e6 5. Bxc4 a6 6. O-O Nbd7 7. a4 c5 8. Nc3 Qc7 9. Qe2 Bd6 10. Rd1 O-O 11. h3 b6 12. d5 Ne5 13. Nxe5 Bxe5 14. dxe6 Bxe6 15. Bxa6 Bxc3 16. bxc3 Bb3 17. Re1 c4 18. Bb5 Ne4 19. Ba3 Rfd8 20. Bb4 f5 21. Qf3 Rd5 22. Qf4 Qc8 23. f3 g5 24. fxe4 gxf4 25. exd5 f3 26. gxf3 Qd8 27. d6 Kh8 28. d7 Qh4 29. Re2 f4 30. exf4 Qxh3 31. Rg2 Qh4 32. Bd6 h5 33. Be5+ Kh7 34. Bc6 Rg8 35. Be4+ 1-0

[Event "RUS-ch Girls U21 2021"]
[Site "Loo"]
[Date "2021.04.24"]
[Round "4.7"]
[White "Pankova, Julia"]
[Black "Kochukova, Anna"]
[Result "1-0"]
[ECO "B46"]
[WhiteElo "1884"]
[BlackElo "2108"]
[Annotator "NA"]
[PlyCount "173"]
[EventDate "2021.04.21"]
[EventType "swiss"]
[EventCountry "RUS"]
[SourceTitle "playchess.com"]
[Source "ChessBase"]
[SourceQuality "1"]
[TimeControl "40/5400+30:1800+30"]

1. e4 c5 2. Nf3 e6 3. d4 cxd4 4. Nxd4 Nc6 5. Nc3 a6 6. Be2 Qc7 7. O-O Nf6 8. Be3 b5 9. Nxc6 dxc6 10. f4 Be7 11. e5 Nd5 12. Nxd5 cxd5 13. Qd4 O-O 14. c3 Bd7 15. b4 f6 16. Bd3 Rac8 17. Rac1 Qb8 18. Rf3 Bd8 19. Rh3 g6 20. Bc2 Be8 21. Qd2 fxe5 22. fxe5 Qxe5 23. Bd4 Qg5 24. Qe1 Rc6 25. Rg3 Qh4 26. Qe2 Bb6 27. Bxb6 Rxb6 28. Re1 Rc6 29. Re3 Bd7 30. a4 Rcc8 31. a5 Rf6 32. Rh3 Qc4 33. Qe3 Rcf8 34. Rf3 Rxf3 35. gxf3 Qf4 36. Kg2 Qxe3 37. Rxe3 Rc8 38. Bb3 Kf7 39. f4 Kf6 40. h4 Rd8 41. Kf2 Bc8 42. Ke2 Rd6 43. Re5 Rd8 44. Ke3 Ke7 45. Bc2 Bd7 46. Bd3 Rc8 47. Kd4 Rf8 48. Ke3 Be8 49. Rg5 Kf6 50. Re5 h6 51. Kd4 Ke7 52. Ke3 Kd6 53. Bb1 Rh8 54. Kd4 Bf7 55. Bd3 Ke7 56. Ke3 Kf6 57. Kd4 Rc8 58. Be2 Be8 59. Rxe6+ Kf5 60. Rxa6 Kxf4 61. Rb6 Kg3 62. h5 gxh5 63. Bxb5 Bxb5 64. Rxb5 h4 65. Rxd5 Kg4 66. a6 h3 67. Ra5 h2 68. Ra1 Kf3 69. b5 Ra8 70. c4 h5 71. c5 h4 72. c6 h3 73. c7 Kg2 74. Ra2+ Kg1 75. Ra1+ Kg2 76. Ra2+ Kg3 77. Ra1 Kg2 78. b6 h1=Q 79. Rxh1 Kxh1 80. b7 Rxa6 81. c8=Q Ra4+ 82. Kc3 Ra3+ 83. Kb2 Rg3 84. b8=Q h2 85. Qc1+ Kg2 86. Qxg3+ Kxg3 87. Qh1 1-0

[Event "RUS-ch Girls U21 2021"]
[Site "Loo"]
[Date "2021.04.24"]
[Round "4.8"]
[White "Grigorieva, Yulia"]
[Black "Stroganova, Karina"]
[Result "1-0"]
[ECO "C61"]
[WhiteElo "2236"]
[BlackElo "1731"]
[Annotator "NA"]
[PlyCount "59"]
[EventDate "2021.04.21"]
[EventType "swiss"]
[EventCountry "RUS"]
[SourceTitle "playchess.com"]
[Source "ChessBase"]
[SourceQuality "1"]
[TimeControl "40/5400+30:1800+30"]

1. e4 e5 2. Nf3 Nc6 3. Bb5 Nd4 4. Nxd4 exd4 5. O-O Bc5 6. Bc4 h5 7. d3 c6 8. Bb3 d6 9. f4 Qe7 10. Nd2 Bd7 11. Nf3 O-O-O 12. Bd2 f6 13. a4 Nh6 14. Bc4 Bg4 15. b4 d5 16. bxc5 dxc4 17. Bb4 c3 18. h3 Be6 19. a5 a6 20. Qe2 g5 21. fxg5 fxg5 22. Nxd4 Rxd4 23. Bxc3 Qxc5 24. Bxd4 Qxd4+ 25. Qf2 Qd6 26. Rab1 Bxh3 27. Qa7 Kd7 28. Rxb7+ Ke6 29. e5 Kxe5 30. Qe3+ 1-0

[Event "RUS-ch Girls U21 2021"]
[Site "Loo"]
[Date "2021.04.24"]
[Round "4.9"]
[White "Bogdanova, Darya"]
[Black "Badmaeva, Baina"]
[Result "1/2-1/2"]
[ECO "A53"]
[WhiteElo "1762"]
[BlackElo "1751"]
[Annotator "NA"]
[PlyCount "95"]
[EventDate "2021.04.21"]
[EventType "swiss"]
[EventCountry "RUS"]
[SourceTitle "playchess.com"]
[Source "ChessBase"]
[SourceQuality "1"]
[TimeControl "40/5400+30:1800+30"]

1. d4 Nf6 2. c4 d6 3. g3 g6 4. Bg2 Bg7 5. Nf3 O-O 6. O-O c6 7. Nc3 Nbd7 8. Qc2 e5 9. Rd1 Qe7 10. e4 exd4 11. Nxd4 Ne5 12. b3 Bg4 13. f3 c5 14. fxg4 cxd4 15. Rxd4 Nfxg4 16. Kh1 Qf6 17. Rd5 Nf3 18. e5 Qf5 19. Qe2 Nfxe5 20. Bb2 Rae8 21. Ne4 Qh5 22. Bf3 Qh3 23. Qg2 Qxh2+ 24. Qxh2 Nxh2 25. Bxe5 Nxf3 26. Bxg7 Rxe4 27. Kg2 Kxg7 28. Kxf3 Rfe8 29. Rxd6 Re3+ 30. Kg2 Re2+ 31. Kh3 h5 32. Rd7 R8e7 33. Rxe7 Rxe7 34. Rd1 b6 35. Rd2 g5 36. Kg2 f5 37. Kf3 Kf6 38. Rd6+ Re6 39. Rd7 Re7 40. Rd6+ Ke5 41. Rh6 Rd7 42. Rxh5 Rd3+ 43. Kf2 g4 44. Rh8 Rd2+ 45. Ke3 Rxa2 46. Re8+ Kd6 47. Rf8 Ke7 48. Rxf5 1/2-1/2

[Event "RUS-ch Girls U21 2021"]
[Site "Loo"]
[Date "2021.04.24"]
[Round "4.10"]
[White "Emelyanova, Victoria"]
[Black "Gelman, Inna"]
[Result "0-1"]
[ECO "D47"]
[WhiteElo "1765"]
[BlackElo "1801"]
[Annotator "NA"]
[PlyCount "130"]
[EventDate "2021.04.21"]
[EventType "swiss"]
[EventCountry "RUS"]
[SourceTitle "playchess.com"]
[Source "ChessBase"]
[SourceQuality "1"]
[TimeControl "40/5400+30:1800+30"]

1. d4 d5 2. c4 e6 3. Nc3 Nf6 4. e3 c6 5. Nf3 Nbd7 6. Bd3 dxc4 7. Bxc4 b5 8. Bd3 Bb7 9. e4 Be7 10. e5 Nd5 11. O-O a6 12. Nxd5 cxd5 13. Bb1 O-O 14. Qd3 g6 15. Bh6 Re8 16. Ne1 f6 17. Qg3 f5 18. Nf3 Bf8 19. Bxf8 Nxf8 20. Bd3 Qb6 21. h4 h6 22. Qf4 Kh7 23. g4 Ra7 24. Kh2 Bc8 25. Rg1 Ree7 26. Rg2 Rf7 27. Rag1 Qd8 28. gxf5 exf5 29. Qd2 Rg7 30. Qe3 Raf7 31. Qd2 Qd7 32. Qc1 f4 33. Rg4 Kg8 34. Bf1 Qf5 35. Qd1 Qh5 36. R4g2 Bf5 37. Be2 g5 38. Kh1 g4 39. Nh2 f3 40. Nxf3 gxf3 41. Bxf3 Qxh4+ 42. Rh2 Qf4 43. Rxg7+ Rxg7 44. Bxd5+ Kh7 45. Rg2 Be4 46. Bxe4+ Qxe4 47. f3 Qh4+ 48. Kg1 Rxg2+ 49. Kxg2 Ne6 50. Qc2+ Kg7 51. Qc6 Nxd4 52. Qd7+ Kg6 53. e6 Qg5+ 54. Kf2 Qd2+ 55. Kg3 Qe1+ 56. Kg2 Qe2+ 57. Kh1 Qxf3+ 58. Kh2 Qe2+ 59. Kh1 Nxe6 60. Qe8+ Kg5 61. Qg8+ Kh4 62. Qg6 Qf1+ 63. Kh2 Qf2+ 64. Kh1 Qf3+ 65. Kh2 Qh3+ 0-1

[Event "RUS-ch Girls U21 2021"]
[Site "Loo"]
[Date "2021.04.25"]
[Round "5.1"]
[White "Afonasieva, Anna"]
[Black "Goltseva, Ekaterina"]
[Result "1-0"]
[ECO "A45"]
[WhiteElo "2270"]
[BlackElo "2269"]
[Annotator "NA"]
[PlyCount "103"]
[EventDate "2021.04.21"]
[EventType "swiss"]
[EventCountry "RUS"]
[SourceTitle "playchess.com"]
[Source "ChessBase"]
[SourceQuality "1"]
[TimeControl "40/5400+30:1800+30"]

1. d4 Nf6 2. Bf4 c5 3. e3 cxd4 4. exd4 e6 5. c3 b6 6. Nf3 Bb7 7. Bd3 Be7 8. Nbd2 d6 9. O-O O-O 10. Qe2 a6 11. a4 Nbd7 12. Rfe1 Re8 13. h3 Qc7 14. Bh2 Bf8 15. Ne4 Nxe4 16. Bxe4 Bxe4 17. Qxe4 Nf6 18. Qd3 Qb7 19. c4 a5 20. b3 Rac8 21. Rac1 Red8 22. g4 e5 23. dxe5 dxe5 24. Qf5 g6 25. Qxf6 Bg7 26. Qh4 Qxf3 27. Re3 Rd1+ 28. Rxd1 Qxd1+ 29. Kg2 Re8 30. g5 Qd8 31. Bg3 Qe7 32. Qe4 $11 Qxg5 33. f4 Qd8 34. fxe5 Qd2+ 35. Re2 Qd1 36. Rf2 Qd7 37. Re2 Qe6 38. Qd5 f6 39. Bf2 Kf8 40. Qb7 fxe5 41. Qxb6 Qf5 42. Qc6 Bh6 43. Bg3 Re6 44. Qc8+ Kg7 45. Qd7+ Kg8 46. c5 Qf6 47. Qd5 Qf7 48. c6 Re8 49. Rxe5 Qxd5+ 50. Rxd5 Re2+ 51. Kf1 Rc2 52. c7 1-0

[Event "RUS-ch Girls U21 2021"]
[Site "Loo"]
[Date "2021.04.25"]
[Round "5.8"]
[White "Serditykh, Olesya"]
[Black "Bogdanova, Darya"]
[Result "1-0"]
[ECO "D04"]
[WhiteElo "1961"]
[BlackElo "1762"]
[Annotator "ChessBase"]
[PlyCount "61"]
[EventDate "2021.04.21"]
[EventType "swiss"]
[EventCountry "RUS"]
[SourceTitle "playchess.com"]
[Source "ChessBase"]
[SourceQuality "1"]
[TimeControl "40/5400+30:1800+30"]

1. d4 d5 2. Nf3 Nf6 3. e3 c6 4. Bd3 e6 5. Nbd2 Nbd7 6. b3 Bd6 7. Bb2 c5 8. Ne5 Qa5 9. O-O b5 10. c4 a6 11. cxd5 exd5 12. Nxd7 Bxd7 13. dxc5 Bxc5 14. Nf3 Qb6 15. Rc1 Rc8 16. Bb1 Qd6 17. Qd3 Ba3 18. Rxc8+ Bxc8 19. Bd4 Be6 20. h3 Qd7 21. Rd1 Ke7 22. Qe2 Re8 23. Ne5 Qc7 24. Nd3 Ne4 25. Qe1 f6 26. f3 Ng5 27. Nf4 Kf7 28. h4 Bd6 29. hxg5 Bxf4 30. exf4 Qxf4 31. Qd2 1-0

[Event "RUS-ch Girls U21 2021"]
[Site "Loo"]
[Date "2021.04.25"]
[Round "5.9"]
[White "Badmaeva, Baina"]
[Black "Emelyanova, Victoria"]
[Result "1/2-1/2"]
[ECO "B14"]
[WhiteElo "1751"]
[BlackElo "1765"]
[Annotator "NA"]
[PlyCount "123"]
[EventDate "2021.04.21"]
[EventType "swiss"]
[EventCountry "RUS"]
[SourceTitle "playchess.com"]
[Source "ChessBase"]
[SourceQuality "1"]
[TimeControl "40/5400+30:1800+30"]

1. e4 c6 2. d4 d5 3. exd5 cxd5 4. c4 Nf6 5. Nc3 e6 6. Nf3 Bb4 7. Qa4+ Nc6 8. Ne5 Qa5 9. Qxa5 Bxa5 10. Nxc6 bxc6 11. Bd2 Rb8 12. b3 Bb6 13. c5 Bc7 14. Bd3 e5 15. dxe5 Bxe5 16. O-O O-O 17. Rae1 Bd4 18. Na4 Be6 19. Be3 Bxe3 20. Rxe3 Rfe8 21. Nb2 Nd7 22. Rc1 Kf8 23. f4 g6 24. h3 Rb4 25. Rf3 Bf5 26. Bxf5 gxf5 27. Nd3 Rbe4 28. Kf1 Re2 29. Rf2 R2e3 30. Nb4 R8e6 31. Rf3 R3e4 32. Nd3 Re2 33. a4 R2e4 34. b4 f6 35. Re1 Rxe1+ 36. Nxe1 Re4 37. Nd3 Nb8 38. Rf2 Rd4 39. Rd2 Na6 40. b5 cxb5 41. axb5 Nxc5 42. Ke2 Ne4 43. Rc2 Rc4 44. Rb2 Nc3+ 45. Kd2 Ne4+ 46. Ke2 Nc3+ 47. Kd2 Kg7 48. Rb3 Ne4+ 49. Ke2 Nc3+ 50. Kd2 Ne4+ 51. Ke2 d4 52. Nb2 Rc2+ 53. Kd3 Rd2+ 54. Kc4 Rxg2 55. Kxd4 Rd2+ 56. Kc4 Rf2 57. Kd5 Rc2 58. Nd3 Kg6 59. Ra3 Nc3+ 60. Ke6 Nxb5 61. Ra5 a6 62. Nb4 1/2-1/2

[Event "RUS-ch Girls U21 2021"]
[Site "Loo"]
[Date "2021.04.25"]
[Round "5.10"]
[White "Stroganova, Karina"]
[Black "Gelman, Inna"]
[Result "1-0"]
[ECO "A57"]
[WhiteElo "1731"]
[BlackElo "1801"]
[Annotator "NA"]
[PlyCount "65"]
[EventDate "2021.04.21"]
[EventType "swiss"]
[EventCountry "RUS"]
[SourceTitle "playchess.com"]
[Source "ChessBase"]
[SourceQuality "1"]
[TimeControl "40/5400+30:1800+30"]

1. d4 c5 2. d5 Nf6 3. c4 b5 4. Bf4 bxc4 5. e3 Bb7 6. Bxc4 e6 7. dxe6 fxe6 8. Nf3 Be7 9. O-O O-O 10. Nc3 d5 11. Bb5 h6 12. Ne5 Bd6 13. Ng6 Rf7 14. e4 Bxf4 15. Nxf4 Qb6 16. exd5 Nxd5 17. Nfxd5 exd5 18. Be8 Rf8 19. Nxd5 Qd8 20. Nf6+ Qxf6 21. Qb3+ Kh8 22. Qxb7 Rxe8 23. Qxa8 Qb6 24. Rae1 Rd8 25. Re7 Qxb2 26. Rfe1 Rf8 27. R7e2 Qd4 28. Qxa7 Nd7 29. a4 Ne5 30. Qe7 Ng6 31. Qe4 Qf6 32. a5 Qg5 33. a6 1-0